Map: Eternal Empire LE

Players

GeneralBlack - Winner!

  • Race: Terran Terran
  • League: Diamond
  • Spawn Location: 1:00

VOD

Have the link to the VOD?

Description

fairly standard proxy 2 rax opening with the goal to get a strong economy behind while throwing the protoss off.

Time

  • Played on: April 4, 2020, 3:59 p.m.
  • Length: 11:29
Show
View Real Time Build Order
Export as new Build Order

GeneralBlack Terran - Winner!

Build Orders: Reaper Expand 

Get SALT Encoding   

  12  0:02  SCV  
  12  0:14  SCV  
  12  0:19  Supply Depot  
  12  0:42  Refinery, Barracks  
  12  0:44  SCV  
  12  0:56  SCV  
  12  1:02  Barracks  
  12  1:08  SCV  
  12  1:21  SCV  
  12  1:31  Reaper  
  12  1:33  Orbital Command  
  12  1:43  Supply Depot  
  12  1:51  Reaper  
  12  1:59  SCV  
  12  2:04  Reaper  
  12  2:09  Refinery  
  12  2:11  SCV  
  12  2:23  SCV  
  12  2:24  Reaper  
  12  2:38  SCV  
  12  2:41  Reaper  
  12  2:42  Command Center  
  12  2:50  SCV  
  12  2:57  Factory  
  12  3:01  Supply Depot  
  12  3:02  SCV  
  12  3:05  Reaper  
  12  3:16  SCV  
  12  3:28  SCV  
  12  3:35  Supply Depot  
  12  3:40  SCV  
  12  3:42  Starport  
  12  3:52  SCV  
  12  3:56  Orbital Command  
  12  4:04  SCV  
  12  4:07  Factory Tech Lab  
  12  4:08  Command Center  
  12  4:17  SCV  
  12  4:22  SCV  
  12  4:27  Siege Tank  
  12  4:29  SCV  
  12  4:35  Liberator  
  12  4:36  SCV  
  12  4:41  SCV  
  12  4:43  Barracks  
  12  4:47  Barracks Tech Lab  
  12  4:48  SCV  
  12  4:53  SCV  
  12  4:59  Siege Tank  
  12  5:00  SCV, Supply Depot  
  12  5:05  SCV  
  12  5:07  Marine  
  12  5:10  Refinery  
  12  5:12  SCV  
  12  5:17  SCV  
  12  5:18  Viking  
  12  5:19  Barracks Tech Lab  
  12  5:20  Orbital Command  
  12  5:25  SCV, Barracks  
  12  5:26  Barracks  
  12  5:29  SCV  
  12  5:35  Engineering Bay  
  12  5:36  Engineering Bay  
  12  5:38  Stimpack  
  12  5:40  Marine  
  12  5:43  Marine  
  12  5:45  Barracks Reactor  
  12  5:46  SCV x2  
  12  5:47  SCV  
  12  5:57  Marine  
  12  6:00  Starport Reactor, Orbital Command  
  12  6:01  Marine  
  12  6:03  SCV x2, Refinery  
  12  6:08  Terran Infantry Armor Level 1  
  12  6:13  Barracks Reactor  
  12  6:15  SCV x2  
  12  6:20  Barracks Reactor, Marine  
  12  6:21  Marine x3, Barracks  
  12  6:22  Barracks  
  12  6:27  SCV x2  
  12  6:28  SCV  
  12  6:32  Supply Depot x2  
  12  6:33  Supply Depot  
  12  6:39  SCV x2, Marine  
  12  6:40  SCV, Marine x2  
  12  6:41  Marine  
  12  6:47  Terran Infantry Weapons Level 1  
  12  6:53  SCV x3, Siege Tank  
  12  6:57  Supply Depot, Marine x2  
  12  6:59  Supply Depot, Marine x3  
  12  7:00  Marine x3  
  12  7:01  Combat Shield  
  12  7:06  SCV  
  12  7:07  SCV  
  12  7:08  SCV  
  12  7:15  Marine x2  
  12  7:16  Supply Depot  
  12  7:17  Barracks Reactor x2, Marine x2  
  12  7:18  SCV, Marine x4  
  12  7:20  Medivac  
  12  7:31  Siege Tank  
  12  7:33  Marine x2  
  12  7:35  Marine x3  
  12  7:36  SCV, Marine  
  12  7:37  SCV, Refinery x2  
  12  7:38  SCV  
  12  7:43  Command Center  
  12  7:45  Marine x2  
  12  7:50  Medivac  
  12  7:51  Marine x2  
  12  7:52  Medivac  
  12  8:02  Supply Depot  
  12  8:04  Supply Depot  
  12  8:16  Supply Depot x2  
  12  8:24  SCV x3, Medivac, Marine x3  
  12  8:25  Medivac, Marine x6  
  12  8:27  Supply Depot  
  12  8:29  Supply Depot  
  12  8:37  Marine x3, Siege Tank  
  12  8:39  Armory  
  12  8:41  Marine x3  
  12  8:43  Marine x4  
  12  8:50  Supply Depot  
  12  8:51  Supply Depot x2  
  12  8:52  Marine x2  
  12  8:54  Medivac  
  12  8:55  Medivac, Marine x3  
  12  8:59  Marine x2  
  12  9:04  Command Center  
  12  9:05  Marine x4  
  12  9:06  Marine  
  12  9:09  Siege Tank  
  12  9:16  Marine x5  
  12  9:17  Marine  
  12  9:22  Planetary Fortress  
  12  9:24  SCV x3  
  12  9:36  SCV x3  
  12  9:48  Factory x2  
  12  9:51  Barracks  
  12  9:52  Barracks  
  12  10:04  Starport x2  
  12  10:18  SCV x3, Orbital Command  
  12  10:25  Command Center  
  12  10:27  Command Center  
  12  10:29  Command Center  
  12  10:36  Unknown  
  12  10:38  Sensor Tower  
  12  10:39  Marine  
  12  10:40  Marine x5, Factory Tech Lab  
  12  10:41  Factory Tech Lab  
  12  10:42  Barracks Reactor  
  12  10:43  Barracks Reactor  
  12  10:44  Starport Reactor  
  12  10:50  Starport Reactor  
Tags
 
Add a new tag
Caveats
  • Supply blocks, unpowered buildings, or Contaminate may cause inaccurate times.
  • Supply counts are checked every 10 seconds.